 Dungeon Crawl Stone Soup version 0.24-a0-789-g35933f4585 (webtiles) character file.

Game seed: 13826504225964468627, levelgen mode: deterministic

12836 Ablot the Thaumaturge (level 11, -1/86 HPs)
             Began as a Gnoll Skald on Oct 10, 2019.
             Was a High Priest of Okawaru.
             Slain by a skeletal warrior
             ... wielding a +0 war axe
              (29 damage)
             ... on level 11 of the Dungeon.
             The game lasted 00:39:09 (10294 turns).

Ablot the Thaumaturge (Gnoll Skald)                Turns: 10294, Time: 00:39:09

Health: -1/86      AC: 13    Str: 17    XL:     11   Next: 99%
Magic:  2/23       EV: 18    Int: 16    God:    Okawaru [*****.]
Gold:   390        SH:  0    Dex: 22    Spells: 15/26 levels left

rFire    + + .     SeeInvis .   I - +5 whip of Xetz {vamp, +Inv rF++}
rCold    . . .     Gourm    .   (no shield)
rNeg     . . .     Faith    .   M - +3 ring mail "Riphowon" {rCorr Dex+4 Stlth+}
rPois    .         Spirit   .   (no helmet)
rElec    .         Reflect  .   F - +1 cloak
rCorr    +         Harm     .   i - +0 pair of gloves
MR       .....                  (no boots)
Stlth    +++++.....             (no amulet)
HPRegen  1.24/turn              r - ring of stealth
MPRegen  0.18/turn              b - ring "Bifiari" {+Fly Dex+4}

@: regenerating (expiring)
A: distributed training, fangs 1, strong nose
a: Heroism, Finesse, Renounce Religion, Evoke Invisibility, Evoke Flight


You were on level 11 of the Dungeon.
You worshipped Okawaru.
Okawaru was extremely pleased with you.
You were very hungry.

You visited 2 branches of the dungeon, and saw 12 of its levels.

You collected 616 gold pieces.
You spent 226 gold pieces at shops.

Inventory:

Hand Weapons
 a - a +1 trident
 E - the +5 demon whip "Spellbinder" {antimagic, MR+}
   (You found it on level 5 of the Dungeon)

   It reduces the magical energy of the wielder, and disrupts the spells and
   magical abilities of those hit.
   Natural abilities and divine invocations are not affected.
   It affects your resistance to hostile enchantments.
 I - the +5 whip of Xetz (weapon) {vamp, +Inv rF++}
   (You found it on level 7 of the Dungeon)

   It inflicts no extra harm, but heals its wielder when it wounds a living foe.
   It greatly protects you from fire.
   It lets you turn invisible.
 P - a +2 trident of venom
Missiles
 f - 239 stones
 g - 132 sling bullets
 j - 106 bolts
 k - 292 arrows
 Q - 2 atropa-tipped darts (quivered)
Armour
 i - a +0 pair of gloves (worn)
 F - a +1 cloak (worn)
 M - the +3 ring mail "Riphowon" (worn) {rCorr Dex+4 Stlth+}
   (You bought it in a shop on level 8 of the Dungeon)

   It affects your dexterity (+4).
   It provides partial protection from all sources of acid and corrosion.
   It makes you more stealthy.
Jewellery
 b - the ring "Bifiari" (right hand) {+Fly Dex+4}
   (You found it on level 9 of the Dungeon)

   [ring of flight]

   It affects your dexterity (+4).
   It lets you fly.
 r - a ring of stealth (left hand)
 B - an uncursed ring of see invisible
 O - an uncursed ring of positive energy
Wands
 A - a wand of digging (2)
 D - a wand of polymorph (5)
 L - a wand of scattershot (4)
Scrolls
 c - 4 scrolls of enchant weapon
 h - 2 scrolls of blinking {unknown}
 p - 6 scrolls of fear
 q - 3 scrolls of teleportation
 s - a scroll of random uselessness {unknown}
 u - 6 scrolls of remove curse
 v - a scroll of noise {unknown}
 w - 5 scrolls of amnesia {unknown}
 x - 4 scrolls of fog {unknown}
 y - 4 scrolls of enchant armour {unknown}
 K - a scroll of magic mapping {unknown}
Potions
 e - a potion of berserk rage
 l - 2 potions of might
 m - 4 potions of magic
 n - 4 potions of lignification
 o - 4 potions of curing
 t - a potion of agility
 z - 2 potions of mutation
 C - a potion of degeneration {unknown}
 G - 2 potions of heal wounds
 H - 2 potions of ambrosia
 J - 2 potions of resistance
Comestibles
 d - 21 rations
 R - 4 chunks of flesh


   Skills:
 + Level 8.2 Fighting
 + Level 6.7 Short Blades
 + Level 6.7 Long Blades
 + Level 6.7 Axes
 + Level 6.7 Maces & Flails
 + Level 8.2 Polearms
 + Level 6.7 Staves
 + Level 6.7 Slings
 + Level 6.7 Bows
 + Level 6.7 Crossbows
 + Level 6.7 Throwing
 + Level 7.2 Armour
 + Level 8.2 Dodging
 + Level 6.7 Stealth
 + Level 6.7 Shields
 + Level 6.7 Unarmed Combat
 + Level 8.4 Spellcasting
 + Level 5.5 Conjurations
 + Level 5.5 Hexes
 + Level 7.9 Charms
 + Level 5.5 Summonings
 + Level 5.5 Necromancy
 + Level 5.5 Translocations
 + Level 5.5 Transmutations
 + Level 5.5 Fire Magic
 + Level 5.5 Ice Magic
 + Level 5.5 Air Magic
 + Level 5.5 Earth Magic
 + Level 5.5 Poison Magic
 + Level 7.3 Invocations
 + Level 6.7 Evocations


You had 15 spell levels left.
You knew the following spells:

 Your Spells              Type           Power        Failure   Level  Hunger
a - Infusion              Chrm           ####         1%          1    None
b - Song of Slaying       Chrm           ####....     1%          2    None
c - Shroud of Golubria    Chrm/Tloc      ####..       1%          2    None
d - Regeneration          Chrm/Necr      ####......   3%          3    #......
e - Spectral Weapon       Hex/Chrm       ####....     3%          3    #......

Your spell library contained the following spells:

 Spells                   Type           Power        Failure   Level  Hunger
 Summon Small Mammal      Summ           ###.         1%          1    None
 Call Imp                 Summ           ###.....     2%          2    None
 Call Canine Familiar     Summ           ###.....     5%          3    #......
 Summon Guardian Golem    Hex/Summ       ###.....     5%          3    #......
 Summon Ice Beast         Ice/Summ       ###.....     19%         4    ###....
 Summon Lightning Spire   Summ/Air       ###.....     19%         4    ###....


Dungeon Overview and Level Annotations

Branches:
Dungeon (11/15)            Temple (1/1) D:5            Lair (0/6) D:9
    Orc: D:9-12

Altars:
Ashenzari
Cheibriados
Dithmenos
Fedhas
Gozag
Hepliaklqana
Kikubaaqudgha
Makhleb
Nemelex Xobeh
Okawaru
Qazlal
Ru
Sif Muna
Trog
Uskayaw
Vehumet
Wu Jian
Xom
Yredelemnul
Zin
The Shining One
Beogh
Jiyva

Shops:
D:6 (   D:8 *   D:10 *

Portals:
Trove: D:11 (give +6 demon blade)

Annotations:
D:9 1 runed translucent door, Beuntocw's ghost, novice TrHu


Innate Abilities, Weirdness & Mutations

Your experience applies equally to all skills.
You have very sharp teeth.
Your uncanny sense of smell can sniff out nearby items.


Message History

The manticore closely misses your spectral weapon.
You hit the manticore.
You feel better.
The manticore is almost dead.
Your spectral weapon hits the manticore but does no damage.
The manticore bites you!
* * * LOW HITPOINT WARNING * * *
The manticore completely misses you. The manticore closely misses you.
Unknown command.
You hit the manticore.
You feel better.
You kill the manticore!
Okawaru accepts your kill.
Unknown command.
Casting: Regeneration (safe; 3% risk of failure)
Confirm with . or Enter, or press ? or * to list all spells.
Space distorts slightly along a thin shroud covering your body.
Unknown command.
You barely miss the skeletal warrior.
Your spectral weapon hits the skeletal warrior!
The skeletal warrior hits you with a +0 war axe!!
You die...

##..#
#.....<..#.######........
##..#
###.###.##..........^###.
##..# .# ##...#######..#
.#..######.###.#...## #.#
#..# ...............#..##
#.# #...
.#..#####.######.## #.#
### ....# #.# #.# #.#
8...# #.# #.##F# ∆ ....#
#.# #@z)# '##.# #.####
#(##Y# )÷#.# #....# #.#
#.# _.#)########.# #.#
#.# ..#..>.......# #..
#.# ###########[.####..
#z# ##........ ..#
#...###### #. ###.###


You could see a skeletal warrior, an ice beast, a bullfrog and a friendly
spectral +5 whip of Xetz {vamp, +Inv rF++}.

Vanquished Creatures
  4 two-headed ogres
  A manticore (D:11)
  2 cyclopes (D:11)
  Psyche (D:8)
  A gargoyle (D:11)
  2 trolls (D:11)
  A slime creature (D:10)
  A hippogriff (D:8)
  A centaur simulacrum (D:11)
  7 yaks
  A wyvern (D:11)
  A human (shapeshifter) (D:11)
  Grum (D:8)
  A steam dragon (D:9)
  An acid dragon (D:11)
  Duvessa (D:7)
  6 porcupines (D:9)
  3 orc warriors
  2 ice beasts (D:5)
  2 sky beasts (D:9)
  6 black bears
  A phantom (D:7)
  4 wolves (D:8)
  3 ogres
  The ghost of Kohma the Shield-Bearer, an amateur GrFi (D:3)
  7 centaurs
  A big kobold (D:9)
  Blork the orc (D:5)
  6 bullfrogs
  2 scorpions
  Dowan (D:7)
  A wyvern skeleton (D:7)
  A killer bee (D:9)
  A howler monkey (D:5)
  5 crimson imps
  4 hounds
  5 jellies
  2 centaur zombies
  4 orc priests
  4 bullfrog skeletons
  A gnoll shaman (D:9)
  5 orc wizards
  2 centaur skeletons
  Terence (D:2)
  An iguana (D:7)
  10 worker ants
  3 hound skeletons
  A worker ant zombie (D:7)
  8 adders
  12 gnolls
  3 shadow imps
  2 oozes
  An adder skeleton (D:8)
  3 worms
  2 dart slugs (D:1)
  7 leopard geckos
  28 orcs
  2 ball pythons
  7 giant cockroaches
  8 goblins
  9 hobgoblins
  10 jackals (D:9)
  11 kobolds
  3 quokkas
  8 bats
  10 frilled lizards
  A jackal zombie (D:5)
  A quokka skeleton (D:4)
  10 rats
270 creatures vanquished.

Vanquished Creatures (others)
  A black bear (D:11)
  An orc wizard (D:7)
  4 fungi (D:9)
  3 plants (D:9)
  A spectral weapon (D:11)
10 creatures vanquished.

Grand Total: 280 creatures vanquished

Notes
Turn   | Place    | Note
-------+----------+-------------------------------------------
     0 | D:1      | Ablot the Gnoll Skald began the quest for the Orb.
     0 | D:1      | Reached XP level 1. HP: 20/20 MP: 6/6
    95 | D:1      | Reached XP level 2. HP: 18/26 MP: 7/7
   121 | D:1      | Learned a level 2 spell: Song of Slaying
   124 | D:1      | Learned a level 2 spell: Shroud of Golubria
   544 | D:1      | Reached XP level 3. HP: 31/31 MP: 9/9
   545 | D:1      | You fall into a shaft and drop 1 floor!
   545 | D:2      | Found a shattered altar of Ashenzari.
  1046 | D:1      | Reached skill level 5 in Spellcasting
  1164 | D:2      | Noticed Terence
  1193 | D:2      | Killed Terence
  1193 | D:2      | Reached skill level 1 in Short Blades
  1193 | D:2      | Reached skill level 1 in Long Blades
  1193 | D:2      | Reached skill level 1 in Axes
  1193 | D:2      | Reached skill level 1 in Maces & Flails
  1193 | D:2      | Reached skill level 1 in Staves
  1193 | D:2      | Reached skill level 1 in Slings
  1193 | D:2      | Reached skill level 1 in Bows
  1193 | D:2      | Reached skill level 1 in Crossbows
  1193 | D:2      | Reached skill level 1 in Throwing
  1193 | D:2      | Reached skill level 1 in Stealth
  1193 | D:2      | Reached skill level 1 in Shields
  1193 | D:2      | Reached skill level 1 in Unarmed Combat
  1193 | D:2      | Reached skill level 1 in Invocations
  1193 | D:2      | Reached skill level 1 in Evocations
  1193 | D:2      | Reached XP level 4. HP: 12/38 MP: 0/11
  1210 | D:2      | Learned a level 3 spell: Regeneration
  1214 | D:2      | Learned a level 3 spell: Spectral Weapon
  1472 | D:2      | Found a stormy altar of Qazlal.
  1479 | D:2      | Found a blossoming altar of Fedhas.
  1578 | D:2      | Reached skill level 1 in Conjurations
  1578 | D:2      | Reached skill level 1 in Hexes
  1578 | D:2      | Reached skill level 1 in Summonings
  1578 | D:2      | Reached skill level 1 in Necromancy
  1578 | D:2      | Reached skill level 1 in Translocations
  1578 | D:2      | Reached skill level 1 in Transmutations
  1578 | D:2      | Reached skill level 1 in Fire Magic
  1578 | D:2      | Reached skill level 1 in Ice Magic
  1578 | D:2      | Reached skill level 1 in Air Magic
  1578 | D:2      | Reached skill level 1 in Earth Magic
  1578 | D:2      | Reached skill level 1 in Poison Magic
  1831 | D:2      | Reached XP level 5. HP: 43/43 MP: 3/12
  2535 | D:3      | Found a radiant altar of Vehumet.
  2680 | D:3      | Reached XP level 6. HP: 17/50 MP: 5/13
  2769 | D:3      | Found a runed translucent door.
  2769 | D:3      | Noticed Kohma's ghost (amateur GrFi)
  3076 | D:3      | Killed Kohma's ghost
  3076 | D:3      | Reached skill level 5 in Fighting
  3076 | D:3      | Reached skill level 5 in Polearms
  3076 | D:3      | Reached skill level 5 in Dodging
  3473 | D:4      | Found a bloodstained altar of Trog.
  3480 | D:4      | You fall into a shaft and drop 1 floor!
  3480 | D:5      | Entered Level 5 of the Dungeon
  3521 | D:5      | Reached XP level 7. HP: 38/56 MP: 3/15
  4096 | D:4      | Reached XP level 8. HP: 63/63 MP: 8/16
  4376 | D:5      | Found the +5 demon whip "Spellbinder" {antimagic, MR+}
  4376 | D:5      | Found a staircase to the Ecumenical Temple.
  4443 | Temple   | Entered the Ecumenical Temple
  4449 | Temple   | Became a worshipper of Warmaster Okawaru
  4898 | D:5      | Noticed Blork the orc
  4908 | D:5      | Killed Blork the orc
  4962 | D:5      | Found a sacrificial altar of Ru.
  4963 | D:5      | Found a glowing silver altar of Zin.
  5221 | D:6      | Found Gugommew's Antique Weapon Boutique.
  5976 | D:7      | Got a dazzling whip
  5985 | D:7      | Reached XP level 9. HP: 57/69 MP: 5/18
  5987 | D:7      | Reached * piety under Okawaru
  6027 | D:7      | Identified the +5 whip of Xetz {vamp, +Inv rF++} (You found
                  | it on level 7 of the Dungeon)
  6309 | D:7      | Reached ** piety under Okawaru
  6398 | D:7      | Noticed Dowan
  6405 | D:7      | Noticed Duvessa
  6423 | D:7      | Killed Duvessa
  6423 | D:7      | Reached skill level 5 in Armour
  6428 | D:7      | Killed Dowan
  6535 | D:8      | Found Qywnicw's Assorted Antiques.
  6535 | D:8      | Noticed a two-headed ogre
  6545 | D:8      | Bought a scroll labeled AKAYDA CEJAR for 19 gold pieces
  6545 | D:8      | Bought a scroll labeled AKAYDA CEJAR for 19 gold pieces
  6545 | D:8      | Bought a fizzy brown potion for 17 gold pieces
  6557 | D:8      | Killed a two-headed ogre
  6557 | D:8      | Reached skill level 5 in Invocations
  6601 | D:8      | Reached *** piety under Okawaru
  6601 | D:8      | Reached XP level 10. HP: 77/77 MP: 10/20
  6633 | D:8      | Bought a brightly glowing ring mail for 171 gold pieces
  6644 | D:8      | Identified the +3 ring mail "Riphowon" {rCorr Dex+4 Stlth+}
                  | (You bought it in a shop on level 8 of the Dungeon)
  6956 | D:8      | Noticed Grum
  6960 | D:8      | Noticed Psyche
  7037 | D:8      | Killed Grum
  7037 | D:8      | Reached skill level 5 in Short Blades
  7037 | D:8      | Reached skill level 5 in Long Blades
  7037 | D:8      | Reached skill level 5 in Axes
  7037 | D:8      | Reached skill level 5 in Maces & Flails
  7037 | D:8      | Reached skill level 5 in Staves
  7037 | D:8      | Reached skill level 5 in Slings
  7037 | D:8      | Reached skill level 5 in Bows
  7037 | D:8      | Reached skill level 5 in Crossbows
  7037 | D:8      | Reached skill level 5 in Throwing
  7037 | D:8      | Reached skill level 5 in Stealth
  7037 | D:8      | Reached skill level 5 in Shields
  7037 | D:8      | Reached skill level 5 in Unarmed Combat
  7037 | D:8      | Reached skill level 5 in Evocations
  7205 | D:8      | Killed Psyche
  7364 | D:8      | Received a gift from Okawaru
  7645 | D:9      | Found a staircase to the Lair.
  7680 | D:9      | Reached **** piety under Okawaru
  7920 | D:9      | Noticed a two-headed ogre
  7936 | D:9      | Killed a two-headed ogre
  8133 | D:9      | Got a wavering copper ring
  8135 | D:9      | Identified the ring "Bifiari" {+Fly Dex+4} (You found it on
                  | level 9 of the Dungeon)
  8229 | D:9      | Reached XP level 11. HP: 84/84 MP: 22/22
  8489 | D:9      | Found a runed translucent door.
  8490 | D:9      | Found a shimmering altar of Xom.
  8490 | D:9      | Noticed Beuntocw's ghost (novice TrHu)
  8491 | D:9      | Noticed a +4 war axe of chaos
  8969 | D:10     | Entered Level 10 of the Dungeon
  9453 | D:10     | Found Jausium's Demolitions Depot.
  9482 | D:10     | Reached ***** piety under Okawaru
  9788 | D:10     | Found a viscous altar of Jiyva.
  9805 | D:10     | Reached skill level 5 in Conjurations
  9805 | D:10     | Reached skill level 5 in Hexes
  9805 | D:10     | Reached skill level 5 in Summonings
  9805 | D:10     | Reached skill level 5 in Necromancy
  9805 | D:10     | Reached skill level 5 in Translocations
  9805 | D:10     | Reached skill level 5 in Transmutations
  9805 | D:10     | Reached skill level 5 in Fire Magic
  9805 | D:10     | Reached skill level 5 in Ice Magic
  9805 | D:10     | Reached skill level 5 in Air Magic
  9805 | D:10     | Reached skill level 5 in Earth Magic
  9805 | D:10     | Reached skill level 5 in Poison Magic
  9882 | D:11     | Received a gift from Okawaru
  9923 | D:11     | Noticed a two-headed ogre
  9946 | D:11     | Killed a two-headed ogre
  9956 | D:11     | Found a roughly hewn altar of Beogh.
  9992 | D:11     | Found a portal to a secret trove of treasure.
 10143 | D:11     | Noticed a two-headed ogre
 10170 | D:11     | Killed a two-headed ogre
 10170 | D:11     | Received a gift from Okawaru
 10170 | D:11     | Noticed a cyclops
 10181 | D:11     | Received a gift from Okawaru
 10192 | D:11     | Noticed a cyclops
 10195 | D:11     | Killed a cyclops
 10211 | D:11     | Killed a cyclops
 10268 | D:11     | Noticed a manticore
 10276 | D:11     | Noticed a skeletal warrior
 10292 | D:11     | Killed a manticore
 10294 | D:11     | Slain by a skeletal warrior

Levels and vault maps discovered:
D:1:      matt_arrival_diagonals, layout_rooms
D:2:      layout_basic, grunt_temple_overflow_forces_of_nature,
          evilmike_ruin_ashenzari, grunt_ministairs_12, uniq_terence
D:3:      layout_basic, overflow_temple_1_default,
          hellmonk_ghost_happy_afterlife, minmay_quadrilaterals
D:4:      layout_cave_pools, nicolae_overflow_hidden_temple,
          chequers_serial_rivers_large_b, hangedman_decor_slide_cut,
          chequers_serial_rivers_small_a, kennysheep_nondescript
D:5:      layout_loops_ring, gammafunk_temple_overflow_statue,
          minmay_temple_entry_large_hall, first_ration,
          guppyfry_early_lair_pool, uniq_blork_the_orc
D:6:      layout_loops_corners, serial_shops, shop
D:7:      layout_basic, st_stairs_5, uniq_duvessa
D:8:      layout_basic, serial_shops, shop, uniq_grum, uniq_psyche
D:9:      layout_basic, due_lair_maze_entry_diamond, ebering_ghost_xom
D:10:     layout_loops_ring, grunt_pizzeria, nicolae_blasting_shop,
          jiyva_altar_1
D:11:     minmay_the_grid_octo_tiled_octocenter_mashed
          [minmay_the_grid_octo_chip, minmay_the_grid_octo_focus,
          minmay_the_grid_octo_checkered, minmay_the_grid_octo_tetromino_candy,
          minmay_the_grid_octo_prize_square_snowflake,
          minmay_the_grid_square_5x5_fat_x, minmay_the_grid_square_5x5_lines,
          minmay_the_grid_square_5x5_trominoes,
          minmay_the_grid_square_5x5_two_small], layout_loops_ring,
          enter_trove_0, david_defended_altar_orc
Temple:   eino_narrow_crystal_temple

Skill      XL: |  1  2  3  4  5  6  7  8  9 10 11 |
---------------+----------------------------------+-----
Spellcasting   | 5 6 7 8 |  8.4
Short Blades   | 1 2 3 4 5 6 |  6.7
Long Blades    | 1 2 3 4 5 6 |  6.7
Axes           | 1 2 3 4 5 6 |  6.7
Maces & Flails | 1 2 3 4 5 6 |  6.7
Staves         | 1 2 3 4 5 6 |  6.7
Slings         | 1 2 3 4 5 6 |  6.7
Bows           | 1 2 3 4 5 6 |  6.7
Crossbows      | 1 2 3 4 5 6 |  6.7
Throwing       | 1 2 3 4 5 6 |  6.7
Stealth        | 1 2 3 4 5 6 |  6.7
Shields        | 1 2 3 4 5 6 |  6.7
Unarmed Combat | 1 2 3 4 5 6 |  6.7
Invocations    | 1 2 3 4 5 6 7 |  7.3
Evocations     | 1 2 3 4 5 6 |  6.7
Conjurations   | 1 2 3 4 5 |  5.5
Hexes          | 1 2 3 4 5 |  5.5
Summonings     | 1 2 3 4 5 |  5.5
Necromancy     | 1 2 3 4 5 |  5.5
Translocations | 1 2 3 4 5 |  5.5
Transmutations | 1 2 3 4 5 |  5.5
Fire Magic     | 1 2 3 4 5 |  5.5
Ice Magic      | 1 2 3 4 5 |  5.5
Air Magic      | 1 2 3 4 5 |  5.5
Earth Magic    | 1 2 3 4 5 |  5.5
Poison Magic   | 1 2 3 4 5 |  5.5
Armour         | 3 4 5 6 7 |  7.2
Fighting       | 5 6 7 8 |  8.2
Polearms       | 5 6 7 8 |  8.2
Dodging        | 5 6 7 8 |  8.2
Charms         | 6 7 |  7.9

Action                   |  1- 3 |  4- 6 |  7- 9 | 10-12 || total
-------------------------+-------+-------+-------+-------++-------
Melee: Spear             |   102 |   140 |       |       ||   242
       Bite              |     8 |    18 |    33 |    94 ||   153
       Punch             |       |     1 |    12 |    24 ||    37
       Trident           |       |    83 |   230 |       ||   313
       Whip              |       |       |   102 |   513 ||   615
Throw: Stone             |       |     4 |     3 |     1 ||     8
       Dart              |       |       |       |     4 ||     4
 Cast: Shroud of Golubri |     2 |    13 |    15 |    29 ||    59
       Song of Slaying   |     2 |     5 |     2 |     8 ||    17
       Infusion          |     2 |     7 |     9 |     7 ||    25
       Regeneration      |       |     7 |     6 |    11 ||    24
       Spectral Weapon   |       |     4 |    11 |    20 ||    35
  Use: Scroll            |       |       |     7 |    10 ||    17
 Stab: Sleeping          |     4 |    17 |    15 |    15 ||    51
       Distracted        |       |       |     2 |     3 ||     5
       Invisible         |       |       |       |     3 ||     3
  Eat: Chunk             |     1 |     9 |     9 |    12 ||    31
       Ration            |       |       |     1 |       ||     1
Armor: Leather armour    |    10 |    27 |    61 |       ||    98
       Robe              |       |       |     1 |       ||     1
       Ring mail         |       |       |       |   167 ||   167
Dodge: Dodged            |    50 |   100 |   212 |   435 ||   797

Table legend:
 A = Non-vault XP
 B = Vault XP
 C = Vault XP percentage of total XP
 D = Non-vault monster count
 E = Vault monster count
 F = Vault count percentage of total count
                 A         B        C        D         E       F
            +---------+---------+-------+---------+---------+-------
      Total |   10768 |    7570 |  41.3 |     221 |      50 |  18.5
            +---------+---------+-------+---------+---------+-------
        D:1 |      43 |       0 |   0.0 |      25 |       0 |   0.0
        D:2 |     146 |      42 |  22.3 |      29 |       3 |   9.4
        D:3 |     144 |     109 |  43.1 |      26 |       3 |  10.3
        D:4 |     215 |       0 |   0.0 |      13 |       0 |   0.0
        D:5 |     912 |      99 |   9.8 |      24 |       1 |   4.0
        D:6 |     403 |       0 |   0.0 |       8 |       0 |   0.0
        D:7 |    1174 |     230 |  16.4 |      24 |       2 |   7.7
        D:8 |    2305 |    1096 |  32.2 |      28 |       6 |  17.6
        D:9 |    1577 |    1322 |  45.6 |      25 |      11 |  30.6
       D:10 |    1191 |     539 |  31.2 |      10 |       5 |  33.3
       D:11 |    2658 |    4133 |  60.9 |       9 |      19 |  67.9
            +---------+---------+-------+---------+---------+-------
